 Dungeon Crawl Stone Soup version 0.31-a0-112-gdf0485fa37 (webtiles) character file.

Game seed: 15433717374246413688

285 hikkokomori the Shooter (level 6, -2/48 HPs)
             Began as a Mummy Hunter on May 28, 2023.
             Slain by a gnoll
             ... wielding a +0 flail
              (3 damage)
             ... on level 4 of the Dungeon.
             The game lasted 00:03:02 (2391 turns).

hikkokomori the Shooter (Mummy Hunter)              Turns: 2391, Time: 00:03:03

Health: -2/48      AC:  8    Str: 14    XL:     6   Next: 7%
Magic:  6/6        EV: 13    Int:  9    God:
Gold:   186        SH:  0    Dex: 17    Spells: 5/5 levels left

rFire   x . .        a - +0 shortbow
rCold   + . .        (shield currently unavailable)
rNeg    + + +        c - +0 leather armour
rPois   ∞            d - +0 helmet
rElec   .            (no cloak)
rCorr   .            (no gloves)
SInv    .            (no boots)
Will    .....        (no amulet)
Stlth   ++           f - +4 ring of protection
HPRegen 0.28/turn    (no ring)
MPRegen 0.10/turn

%: faith
@: about to teleport
A: cold resistance 1, negative energy resistance 3, torment resistance 2, heat
vulnerability 1, in touch with death 1, no potions, faith
a: no special abilities


You were on level 4 of the Dungeon.
You visited 1 branch of the dungeon, and saw 4 of its levels.

You collected 186 gold pieces.

Inventory:

Hand Weapons
 a - a +0 shortbow (weapon)
Armour
 c - a +0 leather armour (worn)
 d - a +0 helmet (worn)
 j - a +0 scale mail of cold resistance
Jewellery
 f - a +4 ring of protection (left hand)
 h - a ring of see invisible
 i - a ring of willpower
Scrolls
 b - a scroll of immolation
 e - a scroll of teleportation
 g - a scroll of blinking
 k - a scroll of fear {unknown}


   Skills:
 + Level 3.9 Fighting
 + Level 4.3 Ranged Weapons
 + Level 3.2 Dodging
 - Level 1.4 Stealth


You had 5 spell levels left.
You didn't know any spells.
Your spell library was empty.

Dungeon Overview and Level Annotations

Branches:
Dungeon (4/15)
 Temple: D:4-7

Altars:
Ru
Wu Jian


Innate Abilities, Weirdness & Mutations

You are immune to poison.
Your flesh is cold resistant. (rC+)
You are immune to negative energy. (rN+++)
You are immune to unholy pain and torment.
You are vulnerable to heat. (rF-)
You are in touch with the powers of death.
You do not drink.
You have a special connection with the divine. (Faith)


Message History

You kill the jelly!
The gnoll hits you with a +0 flail. The gnoll hits you with a +0 flail!
* * * LOW HITPOINT WARNING * * *
You have reached level 6!
Fire: a) +0 shortbow
Press: ? - help, Shift-Dir - straight line, f/p - gnoll
Aim: a gnoll, wielding a +0 flail (moderately wounded, 66% to hit)
You shoot an arrow. The arrow hits the gnoll.
The gnoll is heavily wounded.
The gnoll hits you with a +0 flail!
* * * LOW HITPOINT WARNING * * *
Sorry, you're not good enough to have a special ability.
You can't drink.
Okay, then.
You shoot an arrow. The arrow hits the gnoll.
The gnoll is heavily wounded.
The gnoll hits you with a +0 flail.
* * * LOW HITPOINT WARNING * * *
You shoot an arrow.
The arrow hits the gnoll but does no damage.
The gnoll is heavily wounded.
The gnoll barely misses you.
You shoot an arrow. The arrow hits the gnoll.
The gnoll is heavily wounded.
The gnoll barely misses you.
You shoot an arrow. The arrow barely misses the gnoll. x2
The gnoll hits you but does no damage. The gnoll closely misses you.
You shoot an arrow. The arrow hits the gnoll.
The gnoll is heavily wounded.
The gnoll hits you with a +0 flail.
* * * LOW HITPOINT WARNING * * *
Fire: a) +0 shortbow
Press: ? - help, Shift-Dir - straight line, f/p - gnoll
Aim: a gnoll, wielding a +0 flail (heavily wounded, 66% to hit)
As you read the scroll of teleportation, it crumbles to dust.
You feel strangely unstable. The gnoll hits you with a +0 flail.
* * * LOW HITPOINT WARNING * * *
Unknown command.
The gnoll attacks as you move away! The gnoll hits you with a +0 flail.
You die...

#.... #####...
....... .)...
.######## <...
........# ).#
........# #g#
###..(....# #g#
..#.......######@#
#.#...........##)#
#.#.#####.###....#
..#)# #.# ######
#...# #.#
..#######.#
...##.....#
#..##.##..#
#......#..#


You could see 2 gnolls.

Vanquished Creatures
  A hound (D:4)
  A jelly (D:4)
  2 orc priests
  A gnoll (D:4)
  5 adders
  2 worms
  3 dart slugs
  8 orcs
  9 ball pythons
  6 endoplasms
  4 giant cockroaches
  4 goblins
  10 hobgoblins
  12 jackals
  4 kobolds
  4 quokkas
  3 bats
  4 frilled lizards
  2 rats
85 creatures vanquished.

Notes
Turn   | Place    | Note
-------+----------+-------------------------------------------
     0 | D:1      | hikkokomori the Mummy Hunter began the quest for the Orb.
     0 | D:1      | Reached XP level 1. HP: 16/16 MP: 1/1
    65 | D:1      | Reached skill level 1 in Stealth
   115 | D:1      | Reached XP level 2. HP: 20/22 MP: 2/2
   138 | D:1      | Found a faded altar of an unknown god.
   507 | D:1      | Gained mutation: You are in touch with the powers of death.
                  | [Mummy growth]
   507 | D:1      | Reached XP level 3. HP: 28/28 MP: 3/3
  1061 | D:2      | Found an ornate altar of the Wu Jian Council.
  1116 | D:2      | Reached XP level 4. HP: 34/34 MP: 4/4
  1598 | D:3      | Found a sacrificial altar of Ru.
  1806 | D:3      | Reached skill level 4 in Ranged Weapons
  1806 | D:3      | Reached XP level 5. HP: 41/41 MP: 5/5
  2384 | D:4      | Reached XP level 6. HP: 13/48 MP: 6/6
  2389 | D:4      | HP: 2/48 [gnoll/+0 flail (4)]
  2391 | D:4      | Slain by a gnoll

Illustrated notes

Levels and vault maps discovered:
D:1:      onia_arrival_pyramid, layout_loops_corners,
          shapermc_ecumenical_altar_acropolis
D:2:      layout_basic, basic_altar
D:3:      layout_loops_ring, mainiacjoe_overflow_boulevard,
          hangedman_decor_clover_reticule
D:4:      layout_basic, kennysheep_mini, fedhas_ov_isle_minmay

Skill      XL: |  1  2  3  4  5 |
---------------+----------------+-----
Stealth        | 1 |  1.4
Dodging        | 2 3 |  3.2
Fighting       | 3 |  3.9
Ranged Weapons | 4 |  4.3

Action                     |  1- 3 |  4- 6 || total
---------------------------+-------+-------++-------
   Fire: Shortbow          |   125 |   178 ||   303
    Use: Scroll            |       |     4 ||     4
 Armour: Leather armour    |    31 |    53 ||    84
  Dodge: Dodged            |    46 |    78 ||   124

Table legend: (Time is in decaauts)
 A = Elapsed time spent in this place.
 B = Non-inter-level travel time spent in this place.
 C = Inter-level travel time spent in this place.
 D = Time resting spent in this place.
 E = Time spent auto-exploring this place.
 F = Levels seen in this place.
 G = Mean time per level.
                   A        B        C        D        E       F      G
               +--------+--------+--------+--------+--------+-----+--------+
         Total |   2466 |   2370 |     96 |      0 |   1849 |   4 |  616.5 |
       Dungeon |   2466 |   2370 |     96 |      0 |   1849 |   4 |  616.5 |
               +--------+--------+--------+--------+--------+-----+--------+

Top non-repeatable levels by time:
     D:1: 954 daAuts
     D:3: 698 daAuts
     D:2: 600 daAuts
     D:4: 212 daAuts
